Map: Backwater LE

Players

Hurricane - Winner!

  • Race: Protoss Protoss
  • League: Grandmaster
  • Spawn Location: 5:00

llllllllllll (Oliveira)

  • Race: Terran Terran
  • League: Grandmaster
  • Spawn Location: 11:00

VOD

Have the link to the VOD?

Description

Time

  • Played on: Feb. 14, 2018, 10:58 a.m.
  • Length: 12:16
Show
View Real Time Build Order
Export as new Build Order

Hurricane Protoss - Winner!

Build Orders: 1 Gate Expand, Blink Stalkers, Zealot Archon 

Get SALT Encoding   

  12  0:00  Probe  
  13  0:12  Probe  
  14  0:17  Pylon  
  14  0:25  Probe (Chrono Boost)  
  15  0:37  Probe (Chrono Boost), Gateway  
  16  0:45  Probe (Chrono Boost)  
  16  0:47  Assimilator  
  17  0:51  Probe  
  18  1:03  Probe  
  19  1:15  Probe  
  20  1:22  Nexus  
  20  1:32  Cybernetics Core  
  20  1:35  Probe  
  21  1:40  Assimilator  
  21  1:47  Probe  
  21  1:53  Pylon  
  22  2:00  Probe  
  23  2:10  Warp Gate  
  23  2:11  Stalker (Chrono Boost)  
  23  2:12  Probe  
  25  2:23  Twilight Council  
  25  2:28  Probe  
  26  2:34  Probe (Chrono Boost)  
  26  2:36  Stalker (Chrono Boost)  
  29  2:40  Probe (Chrono Boost)  
  30  2:46  Probe (Chrono Boost)  
  30  2:51  Probe (Chrono Boost)  
  32  2:52  Blink (Chrono Boost)  
  32  2:53  Probe (Chrono Boost)  
  32  2:55  Probe (Chrono Boost)  
  34  3:02  Probe  
  35  3:06  Probe  
  35  3:10  Stalker  
  38  3:14  Probe  
  38  3:19  Probe  
  40  3:26  Probe  
  41  3:28  Gateway  
  41  3:31  Gateway  
  41  3:33  Probe  
  42  3:38  Pylon  
  42  3:39  Probe  
  43  3:43  Stalker  
  43  3:46  Probe  
  46  3:56  Probe, Robotics Facility  
  46  3:59  Probe  
  46  4:00  Assimilator  
  48  4:03  Pylon  
  48  4:08  Probe  
  49  4:11  Probe  
  49  4:16  Assimilator  
  50  4:18  Pylon  
  50  4:20  Probe  
  50  4:21  Pylon  
  51  4:29  Probe  
  52  4:35  Nexus  
  52  4:36  Probe  
  53  4:42  Probe, Forge  
  53  4:43  Observer (Chrono Boost)  
  55  4:49  Probe  
  55  4:52  Sentry x2, Stalker  
  60  4:57  Observer (Chrono Boost)  
  60  4:59  Probe  
  64  5:03  Probe  
  64  5:05  Robotics Bay  
  65  5:09  Pylon  
  65  5:11  Protoss Ground Weapons Level 1 (Chrono Boost)  
  65  5:12  Probe  
  66  5:15  Probe, Observer  
  68  5:23  Gateway  
  68  5:27  Gateway  
  68  5:29  Charge  
  68  5:30  Gateway  
  68  5:34  Probe x2  
  70  5:36  Warp Prism (Chrono Boost)  
  72  5:49  Gateway x2  
  72  5:54  Probe x2  
  74  6:01  Colossus (Chrono Boost)  
  74  6:10  Probe x3  
  83  6:12  Pylon  
  83  6:15  Extended Thermal Lance  
  83  6:22  Probe x3, Pylon  
  83  6:23  Templar Archives  
  86  6:29  Zealot x3  
  86  6:30  Zealot  
  94  6:34  Pylon  
  94  6:39  Colossus (Chrono Boost), Assimilator x2  
  94  6:45  Probe x2  
  94  6:46  Probe  
  103  7:05  Zealot x3  
  103  7:06  Zealot x5  
  103  7:25  Stalker  
  103  7:26  High Templar, Stalker x3  
  103  7:27  Zealot x2  
  103  7:29  Protoss Ground Weapons Level 2  
  113  7:38  High Templar  
  113  7:44  Archon  
  113  7:46  Gateway  
  113  7:49  Gateway  
  113  7:53  Pylon  
  113  7:54  Pylon  
  113  7:56  Pylon  
  108  8:01  Pylon  
  108  8:03  Gateway  
  108  8:06  Gateway  
  108  8:10  Assimilator  
  108  8:12  Pylon, Zealot x3  
  110  8:13  Zealot x3  
  110  8:15  Colossus  
  124  8:25  Probe x3  
  123  8:32  Pylon, Psionic Storm  
  123  8:37  Probe  
  123  8:40  Forge  
  123  8:46  Zealot x6  
  132  8:50  Nexus  
  126  8:56  Zealot x2  
  123  9:02  Zealot  
  123  9:05  Pylon  
  123  9:07  Zealot, High Templar x2  
  123  9:08  Zealot  
  124  9:12  Archon  
  124  9:13  Protoss Ground Armor Level 1  
  120  9:20  Pylon  
  120  9:26  Pylon, Forge  
  120  9:28  Assimilator  
  120  9:29  Pylon  
  120  9:33  Observer  
  121  9:39  Zealot x4  
  121  9:42  Probe x3  
  121  9:45  Photon Cannon, High Templar  
  134  9:46  Shield Battery  
  134  9:54  Probe  
  134  9:56  High Templar  
  134  9:57  Photon Cannon  
  137  10:03  Zealot x4  
  137  10:04  Zealot x2  
  148  10:09  Stalker x2  
  152  10:17  Archon  
  128  10:24  Zealot x4  
  128  10:25  Zealot x2  
  106  10:39  Zealot x4  
  106  10:47  Pylon, Zealot x2  
  108  10:52  Colossus (Chrono Boost)  
  108  10:58  High Templar x2  
  108  10:59  High Templar  
  108  11:02  High Templar  
  112  11:09  Probe  
  112  11:10  Probe x3  
  112  11:17  Assimilator  
  112  11:20  Assimilator  
  112  11:22  Pylon  
  112  11:25  Stalker x3  
  118  11:27  Zealot x3  
  118  11:43  Zealot x3  
  118  11:44  Zealot  
  126  11:48  Zealot x4, Stalker  
  126  11:49  Stalker  
  134  11:54  Probe x3  
  129  12:11  Archon  
  129  12:12  High Templar  
Show
View Real Time Build Order
Export as new Build Order

llllllllllll Terran 

Build Orders: Reaper Expand, MMM Bio 

Get SALT Encoding   

  12  0:00  SCV  
  13  0:12  SCV  
  14  0:17  Supply Depot  
  14  0:25  SCV  
  15  0:30  Refinery  
  15  0:38  SCV  
  16  0:44  Barracks  
  16  0:50  SCV  
  17  1:03  SCV  
  18  1:15  SCV  
  19  1:32  Reaper, Orbital Command  
  20  1:43  Command Center  
  20  1:55  Factory  
  20  1:59  SCV  
  21  2:05  Refinery  
  21  2:08  Barracks Reactor  
  21  2:11  SCV  
  21  2:15  Supply Depot  
  22  2:23  SCV  
  23  2:37  SCV  
  24  2:40  Starport  
  24  2:43  Widow Mine  
  24  2:44  Marine x2  
  27  2:49  SCV  
  29  2:56  Orbital Command  
  29  3:01  SCV  
  29  3:02  Marine x2  
  29  3:05  Factory Tech Lab  
  32  3:13  SCV  
  32  3:19  Marine  
  33  3:20  Marine  
  33  3:25  SCV  
  36  3:28  Raven  
  36  3:29  Factory Tech Lab  
  36  3:30  SCV  
  38  3:35  Supply Depot  
  38  3:37  SCV, Marine  
  38  3:38  Marine  
  41  3:43  SCV  
  42  3:49  SCV  
  42  3:52  Siege Tank  
  42  3:54  Supply Depot  
  46  3:56  SCV  
  46  3:58  Marine x2  
  46  4:01  SCV  
  50  4:08  SCV  
  51  4:14  Command Center  
  51  4:19  Barracks  
  51  4:20  SCV  
  51  4:21  SCV  
  53  4:25  Stimpack  
  53  4:31  Marine  
  53  4:33  Siege Tank  
  53  4:34  SCV  
  53  4:35  SCV  
  59  4:39  Supply Depot  
  59  4:42  Engineering Bay  
  59  4:46  SCV  
  59  4:48  SCV, Barracks  
  59  4:50  Marine  
  62  4:56  Refinery x2  
  62  5:00  SCV x2  
  64  5:08  Marine x2  
  64  5:10  Terran Infantry Weapons Level 1  
  64  5:13  Starport Reactor, SCV x2  
  68  5:14  Supply Depot  
  68  5:16  Factory Reactor  
  68  5:17  Marauder  
  70  5:25  SCV  
  70  5:26  Marine x2  
  72  5:29  Orbital Command  
  72  5:30  SCV  
  73  5:38  Marauder  
  73  5:39  SCV  
  73  5:41  Combat Shields  
  73  5:42  Marauder  
  78  5:45  SCV  
  79  5:51  Supply Depot  
  79  5:52  Barracks  
  79  5:55  Widow Mine x2  
  83  5:57  SCV, Orbital Command  
  83  5:58  Barracks  
  83  6:00  Marauder  
  83  6:02  Supply Depot, Marine  
  83  6:03  Marine  
  88  6:06  Supply Depot, SCV  
  88  6:09  Marine  
  90  6:17  Medivac x2  
  92  6:20  Marine  
  92  6:24  Widow Mine x2, Marine, Marauder  
  92  6:25  Supply Depot, SCV  
  101  6:27  SCV  
  101  6:28  SCV  
  101  6:32  Supply Depot  
  103  6:34  Marine  
  103  6:36  Supply Depot, Concussive Shells  
  103  6:37  SCV  
  103  6:39  Marine  
  106  6:40  Barracks Reactor  
  106  6:42  SCV  
  106  6:45  Barracks Tech Lab  
  106  6:46  Marauder  
  113  6:47  Widow Mine x2  
  113  6:50  Supply Depot  
  113  6:51  SCV  
  113  6:54  Medivac  
  113  6:56  Medivac  
  113  6:57  Marine x2  
  113  6:58  Marine  
  118  7:05  Marine  
  118  7:06  Marine  
  117  7:11  Supply Depot x2  
  115  7:16  Marine  
  115  7:17  Marauder  
  115  7:18  Marine  
  115  7:21  Marine  
  114  7:23  Marauder  
  114  7:24  Marine  
  114  7:25  Marauder  
  116  7:34  Marine  
  116  7:36  Marine  
  117  7:38  Marauder  
  117  7:39  Marine  
  117  7:41  Orbital Command  
  117  7:42  Marine  
  120  7:45  Marauder  
  120  7:46  Marauder  
  120  7:49  Widow Mine  
  124  7:51  Marine  
  124  7:52  Viking x2  
  124  7:54  Marine  
  124  7:57  Marine  
  131  7:59  Widow Mine  
  131  8:00  SCV x2, Marauder  
  137  8:06  Marauder  
  137  8:08  SCV  
  137  8:12  Supply Depot, SCV, Armory  
  141  8:13  Engineering Bay, Terran Infantry Armor Level 1  
  141  8:19  Marine  
  138  8:23  Marine  
  138  8:24  Marauder  
  138  8:25  Viking  
  133  8:28  Viking  
  133  8:29  Marauder  
  133  8:32  SCV  
  130  8:36  Marine  
  130  8:37  Marine, Marauder  
  134  8:41  SCV  
  134  8:45  Marine, Marauder  
  137  8:50  Marauder  
  137  8:55  Viking, Marine x2  
  141  8:58  Viking, Marauder  
  141  9:02  SCV x2  
  143  9:03  SCV  
  143  9:06  Marauder  
  143  9:09  Marine  
  146  9:12  Marauder  
  146  9:15  Marine x2  
  137  9:17  Marine  
  137  9:18  SCV x2  
  137  9:20  Marauder  
  137  9:22  Starport  
  142  9:24  Supply Depot, SCV  
  142  9:28  Marauder  
  142  9:30  Refinery x2  
  145  9:31  Viking  
  145  9:37  Viking  
  149  9:45  Marine x3  
  149  9:46  Marauder  
  149  9:47  SCV x2  
  149  9:49  SCV  
  157  10:15  Medivac  
  157  10:16  SCV, Marine x7  
  157  10:17  Medivac  
  103  10:33  Marine  
  103  10:34  Marine x2, Marauder  
  103  10:35  Marauder x2  
  97  10:36  Marine  
  97  10:37  SCV x2  
  95  10:45  Medivac  
  95  10:47  Viking  
  75  10:50  SCV  
  75  10:52  Marine x2  
  75  10:53  SCV  
  75  10:55  Marauder  
  75  10:56  Marauder x2  
  81  10:59  SCV  
  81  11:00  Armory  
  81  11:01  Engineering Bay  
  81  11:02  SCV  
  81  11:03  Barracks Reactor  
  79  11:05  SCV  
  79  11:07  Starport  
  79  11:10  Marine x2  
  82  11:11  SCV  
  82  11:15  SCV, Medivac  
  82  11:17  SCV, Medivac, Marauder x2  
  93  11:19  Marine  
  93  11:23  SCV  
  95  11:27  SCV  
  95  11:28  Marine  
  95  11:29  SCV  
  95  11:31  Marine  
  97  11:37  Marauder  
  97  11:38  Marine, Marauder  
  97  11:40  SCV  
  97  11:44  Marine  
  97  11:45  Marine  
  103  11:48  SCV  
  104  11:56  SCV x2  
  104  11:58  Marine x2  
  104  12:00  SCV  
Tags
 
Add a new tag
Caveats
  • Supply blocks, unpowered buildings, or Contaminate may cause inaccurate times.
  • Supply counts are checked every 10 seconds.